 Dungeon Crawl Stone Soup version 0.26.0-10-g1f06aea511 (webtiles) character file.

Game seed: 2759669772261060344

789 EnegeticOcto the Chiller (level 8, -4/52 HPs)
             Began as a Formicid Ice Elementalist on Jan 21, 2021.
             Slain by an ice beast (12 damage)
             ... on level 5 of the Dungeon.
             The game lasted 00:15:45 (2304 turns).

EnegeticOcto the Chiller (FoIE)                     Turns: 2304, Time: 00:15:45

Health: -4/52      AC:  3    Str: 13    XL:     8   Next: 12%
Magic:  0/14       EV: 12    Int: 23    God:
Gold:   358        SH:  0    Dex: 11    Spells: 4/15 levels left

rFire    . . .     SeeInvis +   i - +2 mace of Maahi {freeze, +Fly rN+}
rCold    . . .     Faith    .   (no shield)
rNeg     + . .     Spirit   .   a - +0 robe
rPois    .         Reflect  .   (helmet unavailable)
rElec    .         Harm     .   (no cloak)
rCorr    .         Rampage  .   l - +0 pair of gloves (curse)
Will     .....                  (no boots)
Stlth    ++........             v - amulet of the acrobat
HPRegen  0.17/turn              r - +6 ring of intelligence
MPRegen  0.14/turn              (no ring)

@: no status effects
A: permanent stasis, dig shafts and tunnels, four strong arms, antennae 3
a: Dig, Shaft Self, Evoke Flight


You were on level 5 of the Dungeon.
You visited 1 branch of the dungeon, and saw 5 of its levels.

You collected 358 gold pieces.

Inventory:

Hand Weapons
 e - a +0 whip
   (You took it off a kobold on level 1 of the Dungeon)
 i - the +2 mace of Maahi (weapon) {freeze, +Fly rN+}
   (You found it on level 4 of the Dungeon)

   It has been specially enchanted to freeze those struck by it, causing extra
   injury to most foes and up to half again as much damage against particularly
   susceptible opponents.
   It can also slow down cold-blooded creatures.
   It protects you from negative energy.
   It lets you fly.
 k - a +2 short sword of holy wrath
   (You found it on level 2 of the Dungeon)
 p - a +2 dagger of protection
   (You took it off an orc wizard on level 3 of the Dungeon)
Armour
 a - a +0 robe (worn)
 j - a +1 kite shield
   (You found it on level 1 of the Dungeon)
 l - a cursed +0 pair of gloves (worn)
   (You found it on level 4 of the Dungeon)
Jewellery
 d - an uncursed ring of fire
   (You found it on level 1 of the Dungeon)
 r - a +6 ring of intelligence (left hand)
   (You found it on level 3 of the Dungeon)
 v - an amulet of the acrobat (around neck)
   (You found it on level 4 of the Dungeon)
Scrolls
 b - a scroll of amnesia
 f - a scroll of enchant armour
 s - a scroll of fog {!r}
Potions
 c - a potion of brilliance
 g - 2 potions of flight
 h - 2 potions of attraction
 m - 2 potions of haste {unknown}
 n - 3 potions of heal wounds {@q2 !q}
 o - a potion of resistance
 w - a potion of lignification {unknown}


   Skills:
 - Level 1.7 Dodging
 - Level 2.4 Stealth
 - Level 4.0 Spellcasting
 + Level 5.1 Summonings
 - Level 7.0 Ice Magic


You had 4 spell levels left.
You knew the following spells:

 Your Spells              Type           Power        Failure   Level
a - Hailstorm             Conj/Ice       20%          24%         4
b - Frozen Ramparts       Ice            72%          1%          3
c - Summon Ice Beast      Ice/Summ       32%          9%          4

Your spell library contained the following spells:

 Spells                   Type           Power        Failure   Level
 Freeze                   Ice            100%         1%          1
 Call Imp                 Summ           28%          1%          2
 Ozocubu's Armour         Ice            36%          1%          3
 Ensorcelled Hibernation  Hex/Ice        40%          3%          2
 Corona                   Hex            4%           11%         1
 Magic Dart               Conj           16%          11%         1
 Slow                     Hex            4%           16%         2
 Confusing Touch          Hex            4%           30%         3
 Conjure Flame            Conj/Fire      4%           30%         3
 Dazzling Flash           Conj/Hex       8%           30%         3
 Mephitic Cloud           Conj/Pois/Air  4%           30%         3
 Tukima's Dance           Hex            4%           30%         3
 Blink                    Tloc           Unusable     N/A         2

Dungeon Overview and Level Annotations

Branches:
Dungeon (5/15)
 Temple: D:4-7

Altars:
Gozag
Kikubaaqudgha
Nemelex Xobeh
Trog

Annotations:
D:5 Menkaure, Prince Ribbit


Innate Abilities, Weirdness & Mutations

You cannot be hasted, slowed, berserked, paralysed or teleported.
You can dig through walls and to a lower floor.
Your four strong arms can wield two-handed weapons with a shield.
You have a pair of large antennae on your head. (SInv)


Message History

You extend your mandibles.
You dig through the rock wall.
You retract your mandibles.
You extend your mandibles.
You dig through the rock wall.
You dig through the rock wall.
Found 28 stones.
You retract your mandibles.
You see here 28 stones.
You extend your mandibles.
You dig through the rock wall.
You retract your mandibles.
You extend your mandibles.
You dig through the rock wall.
You dig through the rock wall.
You retract your mandibles.
You extend your mandibles.
You dig through the rock wall.
You dig through the rock wall.
You retract your mandibles.
You extend your mandibles.
You dig through the rock wall.
You retract your mandibles.
Your ice beast disappears in a puff of smoke!
You extend your mandibles.
You dig through the rock wall.
You retract your mandibles.
You extend your mandibles.
You dig through the rock wall.
You retract your mandibles.
You extend your mandibles.
You dig through the rock wall.
You dig through the rock wall.
You retract your mandibles.
An ice beast comes into view.
Casting: Summon Ice Beast (dangerous; 9% risk of failure)
Confirm with . or Enter, or press ? or * to list all spells.
A chill wind blows around you. The ice beast barely misses you.
Your ice beast hits the ice beast.
Your ice beast freezes the ice beast.
The ice beast completely resists.
Casting: Summon Ice Beast (dangerous; 9% risk of failure)
Confirm with . or Enter, or press ? or * to list all spells.
A chill wind blows around you.
The ice beast hits your ice beast but does no damage.
Your ice beast hits the ice beast but does no damage.
The ice beast barely misses your ice beast.
Your ice beast hits the ice beast but does no damage.
Your ice beast hits the ice beast.
Your ice beast freezes the ice beast.
The ice beast completely resists.
The ice beast hits your ice beast but does no damage.
Your ice beast hits the ice beast.
Your ice beast freezes the ice beast.
The ice beast completely resists.
Your ice beast hits the ice beast but does no damage.
The ice beast hits your ice beast but does no damage.
Your ice beast hits the ice beast but does no damage.
Your ice beast hits the ice beast.
Your ice beast freezes the ice beast.
The ice beast completely resists.
The ice beast hits your ice beast but does no damage.
Your ice beast hits the ice beast.
Your ice beast freezes the ice beast.
The ice beast completely resists.
Your ice beast hits the ice beast but does no damage.
Menkaure points at you and mumbles some strange words.
Your ice beast writhes in agony!
The ice beast closely misses your ice beast.
Your ice beast hits the ice beast.
Your ice beast freezes the ice beast.
The ice beast completely resists.
What are your orders? t - Shout!
Orders for allies: a - Attack new target. r - Retreat! s - Stop attacking. g - Guard the area. f - Follow me.
Anything else - Cancel.
Gang up on whom?
Press: ? - help, Dir - move target, f - ice beast
Aim: an ice beast (heavily wounded) Attack!
Menkaure gestures at you while chanting.
Your ice beast writhes in agony!
The ice beast hits you. The ice beast freezes you!
* * * LOW HITPOINT WARNING * * *
Menkaure calls on the powers of darkness!
Your ice beast convulses! x2
The ice beast convulses!
Your body is wracked with pain!
* * * LOW HITPOINT WARNING * * *
Your ice beast hits the ice beast.
Your ice beast freezes the ice beast.
The ice beast completely resists.
Menkaure hits your ice beast!
Your ice beast dies!
Okay, then.
You aren't carrying any items that you can evoke.
Unknown command.
Okay, then.
You see here 28 stones.
Your ice beast disappears in a puff of smoke!
Casting: Summon Ice Beast (dangerous; 9% risk of failure)
Confirm with . or Enter, or press ? or * to list all spells.
A chill wind blows around you. The ice beast hits you.
* * * LOW HITPOINT WARNING * * *
The ice beast freezes you!
You die...

... ##.#.#
######## ....
##..# ##......#
..... ##.##
######..##.#.#
...... #..#
#....(..###Y.#
....w.# #.##
#.#.##### ##.##
......# #.# #..##
####..# ...
#.####.## #{.....
... #..##Y.#
#..#### ..#
#..@Y..# ##.##
#.#
#############..#
#.#
#######.........#
.
............#####
# ..####.##.##
#.#M.# #..#.#
#.##.# #.##.#


You could see an ice beast and a friendly ice beast (summoned).

Vanquished Creatures
  Duvessa (D:5)
  Dowan (D:5)
  A scorpion (D:4)
  A bullfrog zombie (D:4)
  3 orc wizards (D:3)
  Natasha (thrice) (D:3)
  A howler monkey zombie (D:4)
  13 adders
  An ufetubus (D:5)
  2 oozes
  An adder zombie (D:4)
  An adder skeleton (D:5)
  3 worms
  3 leopard geckos
  3 orcs (D:3)
  3 giant cockroaches
  5 goblins
  9 hobgoblins
  3 quokkas (D:2)
  3 ball pythons
  8 bats
  5 frilled lizards
  8 kobolds
  A leopard gecko skeleton (D:5)
  10 rats
  A toadstool (D:5)
94 creatures vanquished.

Vanquished Creatures (collateral kills)
  A sky beast (D:5)
  A phantom (D:4)
  A centaur zombie (D:4)
  A centaur skeleton (D:4)
  An adder (D:4)
  An orc (D:4)
  A ball python (D:4)
  A jackal skeleton (D:5)
8 creatures vanquished.

Vanquished Creatures (others)
  7 fungi (D:5)
  4 toadstools (D:5)
11 creatures vanquished.

Grand Total: 113 creatures vanquished

Notes
Turn   | Place    | Note
-------+----------+-------------------------------------------
     0 | D:1      | EnegeticOcto the Formicid Ice Elementalist began the quest
                  | for the Orb.
     0 | D:1      | Reached XP level 1. HP: 13/13 MP: 3/3
   113 | D:1      | Reached XP level 2. HP: 19/19 MP: 1/5
   315 | D:1      | Reached XP level 3. HP: 24/24 MP: 3/6
   326 | D:1      | Learned a level 3 spell: Frozen Ramparts
   473 | D:1      | Reached skill level 5 in Ice Magic
   576 | D:2      | Reached XP level 4. HP: 18/30 MP: 0/7
   789 | D:2      | Reached XP level 5. HP: 9/35 MP: 2/8
   792 | D:2      | Reached skill level 6 in Ice Magic
   831 | D:2      | Found a bloodstained altar of Trog.
  1052 | D:3      | Noticed Natasha
  1057 | D:3      | Killed Natasha
  1157 | D:3      | Noticed Natasha
  1175 | D:3      | Killed Natasha
  1176 | D:3      | Reached XP level 6. HP: 29/41 MP: 2/9
  1254 | D:3      | Reached skill level 7 in Ice Magic
  1262 | D:3      | Learned a level 4 spell: Summon Ice Beast
  1382 | D:3      | Reached skill level 1 in Summonings
  1389 | D:3      | Reached skill level 3 in Spellcasting
  1401 | D:3      | Noticed Natasha
  1412 | D:3      | Killed Natasha
  1503 | D:4      | Reached skill level 2 in Summonings
  1503 | D:4      | Reached XP level 7. HP: 23/46 MP: 4/11
  1594 | D:4      | Got a faintly glowing mace
  1594 | D:4      | Identified the +2 mace of Maahi {freeze, +Fly rN+} (You
                  | found it on level 4 of the Dungeon)
  1752 | D:4      | Reached skill level 4 in Spellcasting
  1752 | D:4      | Reached skill level 3 in Summonings
  1757 | D:4      | Learned a level 4 spell: Hailstorm
  1834 | D:4      | Found an ancient bone altar of Kikubaaqudgha.
  1916 | D:4      | Found an opulent altar of Gozag.
  1992 | D:5      | Entered Level 5 of the Dungeon
  2058 | D:5      | Noticed Prince Ribbit
  2096 | D:5      | Noticed Menkaure
  2096 | D:5      | Noticed a two-headed ogre
  2108 | D:5      | Noticed a nameless horror
  2149 | D:5      | Noticed Duvessa
  2150 | D:5      | Noticed Dowan
  2151 | D:5      | Found a sparkling altar of Nemelex Xobeh.
  2170 | D:5      | Killed Duvessa
  2171 | D:5      | Reached skill level 4 in Summonings
  2171 | D:5      | Killed Dowan
  2172 | D:5      | Reached XP level 8. HP: 13/52 MP: 6/14
  2208 | D:5      | Reached skill level 5 in Summonings
  2304 | D:5      | Slain by an ice beast

Illustrated notes

Levels and vault maps discovered:
D:1:      dpeg_arrival_boxes_within_box, layout_basic
D:2:      minmay_evil_eye, layout_rooms, lightli_temple_of_fire
D:3:      wad_crossroads, layout_loops_corners, uniq_natasha
D:4:      layout_rooms, nicolae_gozag_seed_capital, marbit_many_paths,
          serial_undead, serial_undead_b, serial_undead_e, serial_undead_f,
          serial_undead_a, saegor_snake_ambush
D:5:      layout_basic, dancing_weapons_uskayaw, nicolae_overflow_hidden_temple,
          basic_altar, minmay_gold_behind_fungi, uniq_prince_ribbit1,
          uniq_eustachio, uniq_duvessa, uniq_menkaure

Skill      XL: |  1  2  3  4  5  6  7  8 |
---------------+-------------------------+-----
Ice Magic      | 5 6 7 |  7.0
Summonings     | 2 4 5 |  5.1
Spellcasting   | 3 4 |  4.0
Dodging        | |  1.7
Stealth        | |  2.4

Action                   |  1- 3 |  4- 6 |  7- 9 || total
-------------------------+-------+-------+-------++-------
Melee: Unarmed           |     3 |       |       ||     3
       Short sword       |     2 |    51 |     7 ||    60
       Mace              |       |       |    18 ||    18
 Cast: Freeze            |    37 |    41 |       ||    78
       Frozen Ramparts   |     1 |    15 |     8 ||    24
       Summon Ice Beast  |       |     1 |    12 ||    13
 Abil: Dig               |    60 |    61 |    40 ||   161
  Use: Scroll            |       |     6 |     8 ||    14
 Stab: Sleeping          |       |     2 |     1 ||     3
Armor: Robe              |     5 |    18 |    10 ||    33
Dodge: Dodged            |    34 |    50 |    38 ||   122
